 Dungeon Crawl Stone Soup version 0.29.1-13-g9f3cf754e1 (webtiles) character file.

Game seed: 9806198150511306463

4 H0rd4k the Charlatan (level 1, -4/13 HPs)
             Began as an Octopode Artificer on Feb 6, 2023.
             Slain by Terence
             ... wielding a +0 trident
              (10 damage)
             ... on level 2 of the Dungeon.
             The game lasted 00:00:29 (760 turns).

H0rd4k the Charlatan (Octopode Artificer)            Turns: 760, Time: 00:00:30

Health: -4/13      AC:  1    Str: 11    XL:     1   Next: 70%
Magic:  2/2        EV: 13    Int: 13    God:
Gold:   87         SH:  0    Dex: 12    Spells: 1/1 levels left

rFire   . . .      SeeInvis .   (no weapon)
rCold   . . .      Faith    .   (no shield)
rNeg    . . .      Spirit   .   (helmet restricted)
rPois   .          Reflect  .   (no amulet)
rElec   .          Harm     .   (no ring)
rCorr   .          Rampage  .   (no ring)
Will    .....                   (no ring)
Stlth   +++.......              (no ring)
HPRegen 0.04/turn               (no ring)
MPRegen 0.08/turn               (no ring)
                                (no ring)
                                (no ring)

@: no status effects
A: almost no armour, amphibious, 8 rings, camouflage 1, gelatinous body 1,
(nimble swimmer 1), tentacles
a: no special abilities


You were on level 2 of the Dungeon.
You visited 1 branch of the dungeon, and saw 2 of its levels.

You collected 87 gold pieces.

Inventory:

Wands
 b - a wand of flame (15) (quivered)
 c - a wand of charming (15)
 d - a wand of iceblast (5)
Scrolls
 a - 4 scrolls of identify {unknown}
 e - a scroll of noise {unknown}
 f - a scroll of enchant weapon {unknown}
 g - a scroll of fear {unknown}
 i - a scroll of enchant armour {unknown}
 j - a scroll of teleportation {unknown}
Potions
 h - a potion of curing {unknown}


   Skills:
 * Level 1.1 Fighting
 - Level 2.3 Dodging
 - Level 1.3 Stealth
 + Level 0.2 Unarmed Combat
 * Level 0.7 Spellcasting
 - Level 3.2 Evocations


You had one spell level left.
You didn't know any spells.
Your spell library contained the following spells:

 Spells                   Type           Power      Damage    Failure   Level
 Foxfire                  Conj/Fire      0%         2x1d4     28%         1
 Conjure Flame            Conj/Fire      0%         6-21      65%         3
 Inner Flame              Hex/Fire       0%         N/A       65%         3
 Flame Wave               Conj/Fire      0%         2d4       96%         4


Dungeon Overview and Level Annotations

Branches:
Dungeon (2/15)

Altars:

Annotations:
D:2 Terence


Innate Abilities, Weirdness & Mutations

You cannot wear most types of armour.
You are amphibious.
You can wear up to eight rings at the same time.
Your skin changes colour to match your surroundings (Stealth+).
Your rubbery body absorbs attacks. (AC +1, EV +1)
((You are camouflaged when in or above water. (Stealth+)))
You have tentacles for arms and can constrict up to eight enemies at once.


Message History

You tentacle-slap the bat. Your grab misses the bat.
The bat is moderately wounded.
The bat hits you but does no damage. The bat closely misses you.
The bat hits you.
You tentacle-slap the bat but do no damage.
Your grab misses the bat.
The bat is moderately wounded.
The bat closely misses you.
No target in view!
No target in view!
No target in view!
No target in view!
No target in view!
The bat closely misses you.
A bat is nearby!
You barely miss the bat. You grab the bat. You squeeze the bat.
You kill the bat!
HP restored.
Magic restored.
i - a scroll labelled KAIS SIYLOCRA
j - a scroll labelled QIEC TEOKHELANG No target in view!
You now have 87 gold pieces (gained 8).
Key pressed, stopping explore.
No target in view!
No target in view!
Terence the Incautious comes into view.
He is wielding a +0 trident.
Terence is nearby!
Terence closely misses you.
You closely miss Terence. You grab Terence.
You constrict Terence, but do no damage.
Terence hits you with a +0 trident.
You tentacle-slap Terence but do no damage.
You squeeze Terence, but do no damage.
You constrict Terence, but do no damage.
Terence hits you with a +0 trident.
You release your grip on Terence.
Terence hits you from afar with a +0 trident!
Ouch! That really hurt!
You die...

##....##
###..#
##.# #.#
##.#
#..#
#.## #.#
#@# #.#
#@# #.#
#.# #.#
... ...
...


You could see Terence.

Vanquished Creatures
  An endoplasm (D:1)
  A hobgoblin (D:1)
  A bat (D:2)
  A frilled lizard (D:1)
  A rat (D:1)
5 creatures vanquished.

Notes
Turn   | Place    | Note
-------+----------+-------------------------------------------
     0 | D:1      | H0rd4k the Octopode Artificer began the quest for the Orb.
     0 | D:1      | Reached XP level 1. HP: 13/13 MP: 1/1
   754 | D:2      | Noticed Terence
   760 | D:2      | Slain by Terence

Illustrated notes

Levels and vault maps discovered:
D:1:      dpeg_arrival_windows_large_door, layout_loops_ring, serial_glass,
          glass_columns_b, glass_columns_a, serial_bayou_pond_a
D:2:      mumra_celtic_spiral_tile, layout_loops_ring, basic_altar,
          hellmonk_ecumenical_altar_blasted, minmay_pentomino_r2, uniq_terence,
          uniq_robin

Action                   || total
-------------------------++-------
Melee: Unarmed           ||    12
       Constrict         ||     4
       Tentacles         ||     4
 Stab: Sleeping          ||     2
Armor: Skin              ||     1
Dodge: Dodged            ||     9
